 Dungeon Crawl Stone Soup version 0.31-a0-977-gc230f8ef24 (webtiles) character file.

Game seed: 12345488681061702925

429 Arzdou the Changeling (level 6, -3/38 HPs)
             Began as an Octopode Shapeshifter on Oct 29, 2023.
             Was an Initiate of Gozag.
             Slain by an ogre
             ... wielding a +0 giant club
              (21 damage)
             ... on level 4 of the Dungeon.
             The game lasted 00:06:30 (3014 turns).

Arzdou the Changeling (Octopode Shapeshifter)       Turns: 3014, Time: 00:06:31

Health: -3/38      AC:  1    Str: 15    XL:     6   Next: 98%
Magic:  6/6        EV: 13    Int: 12    God:    Gozag
Gold:   184        SH:  0    Dex: 12    Spells: 5/5 levels left

rFire   . .          .
                       - Unarmed
rCold   . . .        (no shield)
rNeg    . . .        (helmet currently unavailable)
rPois   .            (no amulet)
rElec   .            (no ring)
rCorr   .            (no ring)
SInv    .            (no ring)
Will    .....        (no ring)
Stlth   ++           (no ring)
HPRegen 0.26/turn    (no ring)
MPRegen 0.10/turn    (no ring)
                     (no ring)

%: no passive effects
@: beast-form, gold aura
A: beast (slay +4), almost no armour, amphibious, 8 rings, camouflage 1,
gelatinous body 1, (nimble swimmer 1), tentacles
a: Begin Untransformation, Renounce Religion, Potion Petition, Call Merchant,
Bribe Branch


You were on level 4 of the Dungeon.
You worshipped Gozag.
Gozag was aware of your devotion.
You were a hulking beast.
You visited 2 branches of the dungeon, and saw 5 of its levels.
You also visited: Sewer.

You collected 229 gold pieces.
You paid 45 gold pieces to Gozag.

Inventory:

Missiles
 o - 32 stones
 p - 2 poisoned darts (quivered)
Talismans
 b - a beast talisman
 c - a flux talisman
Scrolls
 e - a scroll of noise {unknown}
 f - 2 scrolls of butterflies {unknown}
 g - a scroll of revelation {unknown}
 h - 2 scrolls of fog {unknown}
 m - a scroll of fear {unknown}
 q - 3 scrolls of teleportation {unknown}
Potions
 a - 2 potions of lignification
 d - 2 potions of resistance {unknown}
 i - 2 potions of heal wounds
 j - a potion of ambrosia {unknown}
 k - a potion of enlightenment {unknown}
 l - a potion of invisibility {unknown}
 n - a potion of cancellation {unknown}
 r - 2 potions of brilliance {unknown}


   Skills:
 + Level 1.0 Fighting
 - Level 2.0 Dodging
 + Level 3.0 Unarmed Combat
 - Level 7.0 Shapeshifting


You had 5 spell levels left.
You didn't know any spells.
Your spell library contained the following spells:

 Spells                   Type           Power      Damage    Failure   Level
 Alistair's Intoxication  Tmut/Pois      0%         N/A       100%        5
 Borgnjor's Vile Clutch   Necr/Erth      0%         N/A       100%        5
 Eringya's Noxious Bog    Tmut/Pois      0%         4d6       100%        6


Dungeon Overview and Level Annotations

Branches:
Dungeon (4/15)             Temple (1/1) D:4           Sewer (visited)

Altars:
Ashenzari
Cheibriados
Dithmenos
Elyvilon
Gozag
Hepliaklqana
Kikubaaqudgha
Nemelex Xobeh
Okawaru
Qazlal
Ru
Uskayaw
Vehumet
Wu Jian
Yredelemnul
Zin
The Shining One


Innate Abilities, Weirdness & Mutations

You are a hulking beast.
Your limbs bulge with bestial killing power. (Slay +4)
You cannot wear most types of armour.
You are amphibious.
You can wear up to eight rings at the same time.
Your skin changes colour to match your surroundings (Stealth+).
Your rubbery body absorbs attacks. (AC +1, EV +1)
((You are camouflaged when in or above water. (Stealth+)))
You have tentacles for arms and can constrict up to eight enemies at once.


Message History

You now have 184 gold pieces (gained 3).
Things that are here:
a +0 dagger; a +0 leather armour You start resting.
HP restored.
There is a stone staircase leading down here.
There is a stone staircase leading down here.
You climb downwards.
There is a stone staircase leading up here.
A hound comes into view.
An endoplasm comes into view.
The helpless hound fails to defend itself.
You bludgeon the hound! You grab the hound. You squeeze the hound!
The hound is almost dead.
You constrict the hound.
You kill the hound!
Your Shapeshifting skill increases to level 7!
You see here 9 gold pieces.
An ogre comes into view. It is wielding a +0 giant club.
The endoplasm quivers.
The endoplasm freezes you.
You are frozen.
You bludgeon the endoplasm!
You kill the endoplasm!
The ogre shouts!
You tentacle-slap the ogre.
The ogre is lightly wounded.
The ogre closely misses you.
You tentacle-slap the ogre.
The ogre is moderately wounded.
You completely miss the ogre.
The ogre is moderately wounded.
The ogre hits you with a +0 giant club!!
You see here 9 gold pieces.
You tentacle-slap the ogre.
The ogre is heavily wounded.
The ogre hits you with a +0 giant club!!
Ouch! That really hurt!
You die...
Your body crumbles into a pile of gold.

###############
########### ## ##
#.........# #. ..
#.#######.# #. .. #.
###.### #. .. #.
#<....#######. #
##$#####.#........##.
.
#..Oh......##...#....
..
#..#####..#..#.#....#
.##. .....
#..#....#..#.# .. .
####.# ##..#....##...
..##. #.#
#.....>...... ......
#.# #..##....#...
.....######.. ###
#.#..#....#.#
............ ....
......#.#..#..
.........# ...##
##...#...##..#


You could see an ogre.

Vanquished Creatures
  2 scorpions (D:4)
  A hound (D:4)
  An orc priest (D:3)
  Jessica (D:3)
  An iguana (D:2)
  A hell rat (Sewer)
  4 adders
  3 river rats (Sewer)
  2 worms
  3 dart slugs
  4 orcs
  7 endoplasms
  5 giant cockroaches
  7 goblins
  5 hobgoblins
  8 jackals
  8 kobolds
  4 quokkas
  8 ball pythons
  3 bats
  14 frilled lizards
  7 rats
99 creatures vanquished.

Notes
Turn   | Place    | Note
-------+----------+-------------------------------------------
     0 | D:1      | Arzdou the Octopode Shapeshifter began the quest for the
                  | Orb.
     0 | D:1      | Reached XP level 1. HP: 13/13 MP: 1/1
    34 | D:1      | Reached XP level 2. HP: 15/18 MP: 2/2
   314 | D:1      | Reached XP level 3. HP: 20/23 MP: 3/3
   343 | D:1      | Reached skill level 4 in Shapeshifting
  1013 | D:2      | Reached XP level 4. HP: 28/28 MP: 4/4
  1451 | D:3      | Reached skill level 5 in Shapeshifting
  1562 | D:3      | Found a glowing drain.
  1579 | D:3      | Reached XP level 5. HP: 31/33 MP: 5/5
  1616 | Sewer    | Entered a sewer
  1682 | Sewer    | HP: 1/33 [river rat (10)]
  1858 | D:3      | Noticed Jessica
  1863 | D:3      | Killed Jessica
  1971 | D:3      | Reached skill level 6 in Shapeshifting
  2018 | D:3      | Found an iron altar of Okawaru.
  2111 | D:3      | Reached XP level 6. HP: 36/38 MP: 6/6
  2390 | D:4      | Found a staircase to the Ecumenical Temple.
  2437 | Temple   | Entered the Ecumenical Temple
  2445 | Temple   | Became a worshipper of Gozag Ym Sagoz the Greedy
  2463 | D:4      | Found a basalt altar of Yredelemnul.
  2910 | D:4      | Found an ornate altar of the Wu Jian Council.
  3007 | D:4      | Reached skill level 7 in Shapeshifting
  3014 | D:4      | Slain by an ogre

Illustrated notes

Levels and vault maps discovered:
D:1:      dreamdust_arrival_beginning_and_end, layout_loops_ring,
          minmay_lizard_king
D:2:      layout_basic, chequers_decorated_corner
D:3:      layout_loops_ring, okawaru_trees_1, gup_sewer_entry_glass,
          uniq_jessica
D:4:      layout_loops_ring, nzn_wu_jian_contemplation,
          mainiacjoe_overflow_concentric_impassable,
          minmay_temple_entry_mini_moons, hangedman_decor_peaks_small,
          minivault_26, uniq_menkaure
Temple:   nicolae_temple_great_sept

Skill      XL: |  1  2  3  4  5  6 |
---------------+-------------------+-----
Shapeshifting  | 4 5 6 7 |  7.0
Fighting       | |  1.0
Dodging        | |  2.0
Unarmed Combat | |  3.0

Action                     |  1- 3 |  4- 6 || total
---------------------------+-------+-------++-------
  Melee: Unarmed           |    73 |   111 ||   184
         Constrict         |    17 |    33 ||    50
         Tentacles         |    11 |    27 ||    38
         Punch             |       |     3 ||     3
    Use: Potion            |       |     1 ||     1
   Stab: Sleeping          |     4 |     8 ||    12
         Distracted        |       |     1 ||     1
 Armour: Skin              |    19 |    41 ||    60
  Dodge: Dodged            |    37 |    47 ||    84

Table legend: (Time is in decaauts)
 A = Elapsed time spent in this place.
 B = Non-inter-level travel time spent in this place.
 C = Inter-level travel time spent in this place.
 D = Time resting spent in this place.
 E = Time spent auto-exploring this place.
 F = Levels seen in this place.
 G = Mean time per level.
                   A        B        C        D        E       F      G
               +--------+--------+--------+--------+--------+-----+--------+
         Total |   3008 |   2870 |    138 |    271 |   2010 |   6 |  501.3 |
       Dungeon |   2806 |   2675 |    131 |    205 |   1960 |   4 |  701.5 |
        Temple |     16 |      9 |      7 |      0 |      0 |   1 |   16.0 |
         Sewer |    186 |    186 |      0 |     66 |     50 |   1 |  186.0 |
               +--------+--------+--------+--------+--------+-----+--------+

Top non-repeatable levels by time:
     D:3: 828 daAuts
     D:2: 718 daAuts
     D:1: 712 daAuts
     D:4: 546 daAuts
   Sewer: 186 daAuts
  Temple: 16 daAuts
